 Dungeon Crawl Stone Soup version 0.29.1-15-g9cfb28693d (webtiles) character file.

Game seed: 14413308381832817482

1955 boopmooplesden the Cleaver (level 8, -1/70 HPs)
             Began as a Minotaur Berserker on Mar 11, 2023.
             Was an Elder of Trog.
             Slain by an orc warrior
             ... wielding a +0 dire flail
              (15 damage)
             ... on level 6 of the Dungeon.
             The game lasted 00:07:31 (4383 turns).

boopmooplesden the Cleaver (Minotaur Berserker)     Turns: 4383, Time: 00:07:31

Health: -1/70      AC: 12    Str: 23    XL:     8   Next: 99%
Magic:  7/7        EV: 10    Int:  4    God:    Trog [****..]
Gold:   257        SH: 11    Dex:  9    Spells: 7/7 levels left

rFire   . . .      SeeInvis .   a - +2 hand axe
rCold   + + .      Faith    .   d - +2 kite shield
rNeg    + . .      Spirit   .   q - +5 ring mail of Watchfulness {rElec rC++ rN+ Dex-2}
rPois   .          Reflect  .   (helmet restricted)
rElec   +          Harm     .   (no cloak)
rCorr   .          Rampage  .   n - +0 pair of gloves
Will    .....                   (no boots)
Stlth   +.........              (no amulet)
HPRegen 0.21/turn               (no ring)
MPRegen 0.10/turn               (no ring)

@: on berserk cooldown, slowed, very slow
A: horns 2, retaliatory headbutt
a: Renounce Religion, Berserk, Trog's Hand, Brothers in Arms


You were on level 6 of the Dungeon.
You worshipped Trog.
Trog was greatly pleased with you.
You visited 1 branch of the dungeon, and saw 6 of its levels.

You collected 257 gold pieces.

Inventory:

Hand Weapons
 a - a +2 hand axe (weapon)
 l - a +5 battleaxe of freezing
Missiles
 c - 6 boomerangs (quivered)
Armour
 d - a +2 kite shield (worn)
 n - a +0 pair of gloves (worn)
 q - the +5 ring mail of Watchfulness (worn) {rElec rC++ rN+ Dex-2}
   (You found it on level 5 of the Dungeon)

   Dex:       It affects your dexterity (-2).
   rC:        It greatly protects you from cold.
   rElec:     It insulates you from electricity.
   rN:        It protects you from negative energy.
Wands
 e - a wand of roots (1)
Scrolls
 b - a scroll of teleportation
 f - 3 scrolls of identify
 j - a scroll of enchant armour
 m - 2 scrolls of enchant weapon
Potions
 h - a potion of heal wounds {unknown}
 i - 2 potions of haste {unknown}
 k - a potion of flight {unknown}
 o - 2 potions of berserk rage {unknown}


   Skills:
 + Level 6.0 Fighting
 + Level 9.5 Axes
 + Level 0.5 Throwing
 + Level 6.0 Armour
 + Level 4.0 Dodging
 + Level 0.5 Stealth
 + Level 6.6 Shields


You had 7 spell levels left.
You didn't know any spells.
Your spell library was empty.

Dungeon Overview and Level Annotations

Branches:
Dungeon (6/15)             Temple (0/1) D:5

Altars:

Shops:
D:6 =


Innate Abilities, Weirdness & Mutations

You have a pair of horns on your head.
You reflexively headbutt those who attack you in melee.


Message History

You block the wight's attack.
The orc warrior hits you with a +0 dire flail.
The wight hits you from afar with a +0 trident.
The orc warrior hits you with a +0 dire flail!
* * * LOW HITPOINT WARNING * * *
Things that are here:
a +4 morningstar; a +0 robe Your skin crawls.
You feel strong-willed. You block the orc warrior's attack.
You block the wight's attack. The orc warrior closely misses you.
The orc warrior attacks as you move away!
The orc warrior hits you with a +0 dire flail!
* * * LOW HITPOINT WARNING * * *
Okay, then.
The orc warrior attacks as you move away!
You block the orc warrior's attack. x2
Blink to where?
Press: ? - help, Dir - move target
As you read the scroll of blinking, it crumbles to dust.
You feel the effects of Trog's Hand fading.
Things that are here:
a +0 dagger; 2 stones; a kobold skeleton Your skin stops crawling.
You feel less strong-willed.
Items here: (( ))) ÷÷.
Things that are here:
a +0 short sword; 7 poisoned darts; a kobold skeleton The orc warrior attacks as you move away!
The orc warrior hits you with a +0 dire flail.
The orc warrior attacks as you move away!
The orc warrior hits you with a +0 dire flail!
* * * LOW HITPOINT WARNING * * *
The orc warrior hits you with a +0 dire flail.
* * * LOW HITPOINT WARNING * * *
You block the orc warrior's attack. The wight closely misses you.
There is an escape hatch in the ceiling here.
You block the wight's attack. The orc warrior misses you.
You block the wight's attack.
The orc warrior hits you with a +0 dire flail!
You die...

#. ### #.. ##. ##
##### ### ##...#
#####.## #....#
##.o..z{#
##@o#######.###....
##..#.##.o#######÷
##zo.)))...# ##
#...))....#
#.........#
###########


You could see an orc warrior, a wight and an orc.

Vanquished Creatures
  Grinder (D:3)
  2 black bears
  An ogre (D:3)
  An ice beast (D:6)
  A phantom (D:5)
  A kobold brigand (D:6)
  A bullfrog (D:6)
  4 scorpions
  7 wights (D:6)
  A vampire bat (D:4)
  3 hounds
  An orc priest (D:5)
  A jelly (D:4)
  2 iguanas
  Natasha (thrice) (D:3)
  5 orc wizards
  Robin (D:3)
  4 adders
  2 worms (D:2)
  5 dart slugs
  13 orcs
  9 bats
  7 endoplasms
  2 giant cockroaches
  15 goblins
  7 hobgoblins
  3 jackals (D:4)
  3 quokkas
  5 ball pythons
  A frilled lizard (D:3)
  11 kobolds
  9 rats
132 creatures vanquished.

Notes
Turn   | Place    | Note
-------+----------+-------------------------------------------
     0 | D:1      | boopmooplesden the Minotaur Berserker began the quest for
                  | the Orb.
     0 | D:1      | Reached XP level 1. HP: 19/19 MP: 0/0
   112 | D:1      | Reached skill level 4 in Axes
   295 | D:1      | Found a faded altar of an unknown god.
   322 | D:1      | Reached XP level 2. HP: 26/26 MP: 1/1
   908 | D:2      | Reached XP level 3. HP: 33/33 MP: 2/2
  1367 | D:3      | Noticed Robin
  1392 | D:3      | Killed Robin
  1392 | D:3      | Reached ** piety under Trog
  1393 | D:3      | Reached skill level 1 in Shields
  1393 | D:3      | Reached XP level 4. HP: 34/40 MP: 3/3
  1511 | D:3      | Noticed Grinder
  1529 | D:3      | Paralysed by Grinder for 2 turns
  1531 | D:3      | Killed Grinder
  1532 | D:3      | Reached skill level 6 in Axes
  1532 | D:3      | Reached XP level 5. HP: 47/47 MP: 4/4
  1532 | D:3      | Reached XP level 6. HP: 53/53 MP: 5/5
  1757 | D:3      | Noticed Natasha
  1762 | D:3      | Killed Natasha
  1915 | D:3      | Noticed Natasha
  1921 | D:3      | Killed Natasha
  1922 | D:3      | Reached skill level 5 in Fighting
  1984 | D:3      | Noticed Natasha
  1989 | D:3      | Killed Natasha
  1990 | D:3      | Reached skill level 7 in Axes
  2300 | D:4      | Reached XP level 7. HP: 57/61 MP: 6/6
  2654 | D:4      | Reached *** piety under Trog
  2908 | D:4      | Reached skill level 5 in Armour
  3194 | D:5      | Entered Level 5 of the Dungeon
  3221 | D:5      | Reached skill level 8 in Axes
  3233 | D:5      | Reached XP level 8. HP: 44/69 MP: 7/7
  3558 | D:5      | Found a staircase to the Ecumenical Temple.
  3578 | D:5      | Reached skill level 5 in Shields
  3711 | D:5      | Identified the +5 ring mail of Watchfulness {rElec rC++ rN+
                  | Dex-2}
  4096 | D:6      | Identified the +2 helmet "Seinwieq" {Drain rElec rPois
                  | Regen+}
  4125 | D:6      | Reached **** piety under Trog
  4196 | D:6      | Found Xaup's Jewellery Emporium.
  4206 | D:6      | Reached skill level 9 in Axes
  4383 | D:6      | Slain by an orc warrior

Illustrated notes

Levels and vault maps discovered:
D:1:      dpeg_arrival_orchard, layout_basic,
          shapermc_ecumenical_altar_starsandcircs, minmay_pentomino_t2
D:2:      layout_rooms, kennysheep_crisscross
D:3:      cheibrodos_helix_gallery, layout_rooms, patterned_corridor,
          uniq_natasha, uniq_robin, uniq_grinder
D:4:      layout_basic, roderic_batcave
D:5:      layout_rooms, minmay_temple_entry_ruins
D:6:      layout_rooms, okawaru_metal_pillars_3, serial_rivers,
          chequers_serial_rivers_large_b, chequers_serial_rivers_small_3,
          chequers_serial_rivers_micro_b, chequers_serial_rivers_small_a,
          serial_shops, nicolae_shop_advertising_works
          [nicolae_subvault_shop_adworks]

Skill      XL: |  1  2  3  4  5  6  7  8 |
---------------+-------------------------+-----
Axes           | 4 6 7 8 9 |  9.5
Fighting       | 4 5 6 |  6.0
Armour         | 3 4 5 6 |  6.0
Shields        | 1 2 4 6 |  6.6
Dodging        | 3 4 |  4.0
Throwing       | |  0.5
Stealth        | |  0.5

Action                   |  1- 3 |  4- 6 |  7- 9 || total
-------------------------+-------+-------+-------++-------
Melee: Hand axe          |    75 |    80 |   192 ||   347
       Headbutt          |     7 |    11 |    30 ||    48
Throw: Boomerang         |     3 |       |       ||     3
Invok: Berserk           |     1 |     2 |     3 ||     6
       Trog's Hand       |       |       |     1 ||     1
  Use: Scroll            |    10 |     2 |     4 ||    16
Armor: Scale mail        |    18 |       |       ||    18
       Chain mail        |    22 |    36 |    76 ||   134
       Ring mail         |       |       |    14 ||    14
Dodge: Dodged            |    22 |    12 |    58 ||    92
Block: Kite shield       |    25 |    35 |   129 ||   189
